 Dungeon Crawl Stone Soup version 0.27.0-1-g7a089689b8 (webtiles) character file.

Game seed: 16770858384738078872

18 butteredtoast the Caller (level 2, -2/13 HPs)
             Began as a Spriggan Summoner on Aug 3, 2021.
             Killed from afar by Jessica (9 damage)
             ... with a puff of flame
             ... on level 2 of the Dungeon.
             The game lasted 00:03:17 (1612 turns).

butteredtoast the Caller (Spriggan Summoner)        Turns: 1612, Time: 00:03:18

Health: -2/13      AC:  2    Str:  4    XL:     2   Next: 48%
Magic:  4/7        EV: 17    Int: 16    God:
Gold:   56         SH:  0    Dex: 15    Spells: 6/7 levels left

rFire    . . .     SeeInvis +   c - +4 dagger
rCold    . . .     Faith    .   (shield restricted)
rNeg     . . .     Spirit   .   a - +0 robe
rPois    .         Reflect  .   (helmet restricted)
rElec    .         Harm     .   (no cloak)
rCorr    .         Rampage  .   (gloves unavailable)
Will     .....                  (boots unavailable)
Stlth    ++........             (no amulet)
HPRegen  0.04/turn              (no ring)
MPRegen  0.10/turn              (no ring)

@: very quick
A: very small, no large weapons, unfitting armour, see invisible, speed 3
a: no special abilities


You were on level 2 of the Dungeon.
You visited 1 branch of the dungeon, and saw 2 of its levels.

You collected 56 gold pieces.

Inventory:

Hand Weapons
 b - a +0 dagger
 c - a +4 dagger (weapon)
Armour
 a - a +0 robe (worn)
Scrolls
 d - a scroll of identify {unknown}
Potions
 e - 2 potions of curing {unknown}
 f - a potion of lignification {unknown}


   Skills:
 - Level 2.6 Dodging
 - Level 3.0 Stealth
 + Level 3.2 Spellcasting
 * Level 3.7 Summonings


You had 6 spell levels left.
You knew the following spells:

 Your Spells              Type           Power      Damage    Failure   Level
a - Summon Small Mammal   Summ           56%        N/A       4%          1

Your spell library contained the following spells:

 Spells                   Type           Power      Damage    Failure   Level
 Call Imp                 Summ           14%        N/A       6%          2
 Call Canine Familiar     Summ           14%        N/A       12%         3
 Freeze                   Ice            8%         1d3       19%         1
 Summon Guardian Golem    Hex/Summ       8%         N/A       26%         3
 Frozen Ramparts          Ice            4%         1d2       50%         3
 Summon Lightning Spire   Summ/Air       8%         N/A       65%         4
 Hailstorm                Conj/Ice       2%         3d3       88%         4


Dungeon Overview and Level Annotations

Branches:
Dungeon (2/15)

Altars:

Annotations:
D:2 Jessica


Innate Abilities, Weirdness & Mutations

You are very small and have problems with some larger weapons.
You are too small for most types of armour.
You have supernaturally acute eyesight. (SInv)
You cover ground extremely quickly. (Speed+++)


Message History

Your bat dies!
Your bat's corpse disappears in a puff of smoke!
Jessica gestures at you while chanting.
Your rat writhes in agony.
Your rat dies!
Your rat's corpse disappears in a puff of smoke!
Jessica casts a spell.
Jessica seems to speed up.
Your rat bites Jessica.
Your rat writhes in agony.
Your rat dies!
Your rat's corpse disappears in a puff of smoke!
Jessica shouts!
Jessica looks very angry.
Jessica mumbles some strange words.
Jessica blinks!
There is a stone staircase leading up here.
Jessica is nearby!
Jessica zaps a wand.
The puff of flame misses you.
You climb upwards.
There is a stone staircase leading down here.
Magic restored.
HP restored.
Done exploring.
You climb downwards.
Level annotation: Jessica Jessica points at you and mumbles some strange words.
You resist with some effort.
There is a stone staircase leading up here.
Casting: Summon Small Mammal (safe; 4% risk of failure)
Confirm with . or Enter, or press ? or * to list all spells.
Jessica zaps a wand.
The puff of flame misses you.
Casting: Summon Small Mammal (safe; 4% risk of failure)
Confirm with . or Enter, or press ? or * to list all spells.
Your rat barely misses Jessica.
Casting: Summon Small Mammal (safe; 4% risk of failure)
Confirm with . or Enter, or press ? or * to list all spells.
Jessica hits you with a +0 dagger.
Your rat bites Jessica.
Jessica zaps a wand.
The puff of flame hits you!
Ouch! That really hurt!
You die...

###.# ..#.# #.#.#
#.#.# #.#.#
#.#.########
#.#........#
#...r#####.# ####@#
#.# #######@### #.#
......rr..# #.# ###
.######.#.# #.# ..
#.#.###.#### .#
#.#........###$###
#.#####......ยง....
#.# ####.###.##.
#.# #.# .#


You could see Jessica (ally target), a friendly quokka (summoned) and 2 friendly
rats.

Vanquished Creatures
  A bat (D:2)
  A hobgoblin (D:2)
  2 jackals (D:1)
  A frilled lizard (D:1)
  A kobold (D:1)
  A rat (D:1)
7 creatures vanquished.

Vanquished Creatures (collateral kills)
  2 ball pythons (D:1)
  3 endoplasms (D:1)
  2 giant cockroaches (D:1)
  2 goblins (D:1)
  2 hobgoblins (D:1)
  A bat (D:1)
  2 kobolds (D:1)
  A rat (D:1)
15 creatures vanquished.

Vanquished Creatures (others)
  6 withered plants (D:1)
6 creatures vanquished.

Grand Total: 28 creatures vanquished

Notes
Turn   | Place    | Note
-------+----------+-------------------------------------------
     0 | D:1      | butteredtoast the Spriggan Summoner began the quest for the
                  | Orb.
     0 | D:1      | Reached XP level 1. HP: 9/9 MP: 5/5
   375 | D:1      | Found a faded altar of an unknown god.
   723 | D:1      | Reached XP level 2. HP: 8/13 MP: 0/7
  1355 | D:2      | Noticed Jessica
  1612 | D:2      | Killed from afar by Jessica

Illustrated notes

Levels and vault maps discovered:
D:1:      lightli_arrival_maybe_door_vault, layout_loops_ring,
          ebering_ecumenical_altar_petrified
D:2:      layout_loops_ring, basic_altar, serial_shops, shop_statue,
          nrook_mini_backslash, uniq_jessica

Skill      XL: |  1 |
---------------+----+-----
Spellcasting   | 3 |  3.2
Dodging        | |  2.6
Stealth        | |  3.0
Summonings     | |  3.7

Action                   || total
-------------------------++-------
Melee: Unarmed           ||     9
       Dagger            ||    12
 Cast: Summon Small Mamm ||    47
 Stab: Sleeping          ||     3
Armor: Robe              ||     9
Dodge: Dodged            ||    25
